 Dungeon Crawl Stone Soup version 0.28.0-53-g5a82cb258f (webtiles) character file.

Game seed: 16964609452783526032

2084 mcbry74 the Spear-Bearer (level 9, -23/69 HPs)
             Began as a Merfolk Gladiator on July 18, 2022.
             Was a Priest of Lugonu.
             Killed from afar by a gnoll sergeant (26 damage)
             ... with a bolt of acid
             ... on level 5 of the Dungeon.
             The game lasted 00:21:32 (8293 turns).

mcbry74 the Spear-Bearer (Merfolk Gladiator)        Turns: 8293, Time: 00:21:33

Health: -23/69     AC:  1    Str: 16    XL:     9   Next: 27%
Magic:  9/9        EV: 13    Int:  9    God:    Lugonu [***...]
Gold:   199        SH: 12    Dex: 16    Spells: 8/8 levels left

rFire   . . .      SeeInvis .   a - +0 trident
rCold   . . .      Faith    .   G - +2 kite shield
rNeg    . . .      Spirit   .   b - +0 leather armour
rPois   .          Reflect  .   c - +0 helmet
rElec   .          Harm     .   (no cloak)
rCorr   .          Rampage  .   (no gloves)
Will    .....                   n - +0 pair of boots
Stlth   +.........              (no amulet)
HPRegen 0.21/turn               (no ring)
MPRegen 0.11/turn               (no ring)

@: corroded
A: (nimble swimmer 2), mertail
a: Renounce Religion, Depart the Abyss, Bend Space, Banish


You were on level 5 of the Dungeon.
You worshipped Lugonu.
Lugonu was most pleased with you.
You visited 1 branch of the dungeon, and saw 5 of its levels.
You also visited: Sewer.

You collected 199 gold pieces.

Inventory:

Hand Weapons
 a - a +0 trident (weapon)
 o - a +0 whip
 y - a +0 lajatang
 L - a -2 glaive
Missiles
 f - 173 stones (quivered)
 I - 4 poisoned darts
 M - a throwing net
Armour
 b - a +0 leather armour (worn)
 c - a +0 helmet (worn)
 e - a +0 chain mail
 m - a +0 buckler
 n - a +0 pair of boots (worn)
 G - a +2 kite shield (worn)
Magical Staves
 j - a staff of air
 D - a staff of conjuration
Jewellery
 r - a ring of resist corrosion
Wands
 t - a wand of mindburst (12)
 F - a wand of iceblast (9)
Scrolls
 d - a scroll of noise {unknown}
 g - 2 scrolls of fog {unknown}
 h - 2 scrolls of vulnerability {unknown}
 i - 2 scrolls of identify {unknown}
 k - a scroll of enchant weapon {unknown}
 p - a scroll of magic mapping {unknown}
 q - 2 scrolls of teleportation {unknown}
 v - 2 scrolls of enchant armour {unknown}
 x - a scroll of acquirement {unknown}
 B - a scroll of immolation {unknown}
 H - a scroll of fear {unknown}
 J - a scroll of amnesia {unknown}
Potions
 l - 2 potions of lignification {unknown}
 s - a potion of might {unknown}
 u - a potion of resistance
 w - 3 potions of attraction {unknown}
 z - 3 potions of curing {unknown}
 A - 2 potions of invisibility
 C - 2 potions of heal wounds {unknown}
 E - a potion of haste {unknown}
 K - a potion of degeneration {unknown}


   Skills:
 + Level 6.0 Fighting
 * Level 11.6 Polearms
 + Level 4.6 Throwing
 + Level 6.4 Dodging
 + Level 4.8 Shields


You had 8 spell levels left.
You didn't know any spells.
Your spell library contained the following spells:

 Spells                   Type           Power      Damage    Failure   Level
 Ozocubu's Armour         Ice            0%         N/A       99%         3
 Stone Arrow              Conj/Erth      0%         3d7       99%         3
 Tukima's Dance           Hex            0%         N/A       99%         3
 Anguish                  Hex/Necr       0%         N/A       100%        4
 Animate Armour           Summ/Erth      0%         N/A       100%        4
 Enfeeble                 Hex            0%         N/A       100%        7
 Ozocubu's Refrigeration  Ice            0%         4d5       100%        7
 Lehudib's Crystal Spear  Conj/Erth      0%         10d2      100%        8


Dungeon Overview and Level Annotations

Branches:
Dungeon (5/15)             Temple (0/1) D:5           Sewer (visited)

Altars:
Lugonu


Innate Abilities, Weirdness & Mutations

((You are very nimble when in or above water. (Stealth+, EV+, Speed+++)))
Your lower body shifts to a powerful aquatic tail in water.


Message History

The hound is heavily wounded.
You block the hound's attack. x2
The gnoll throws a boomerang.
The boomerang hits you.
The gnoll sergeant throws a javelin.
The javelin closely misses you. The hound bites you.
You miss the hound.
The hound is moderately wounded.
The hound bites you but does no damage.
You puncture the hound!
The hound is almost dead.
The hound bites you. The hound misses you.
You miss the hound.
The hound is almost dead.
The hound bites you but does no damage. The gnoll sergeant misses you.
The hound bites you.
You closely miss the hound.
The hound is almost dead.
The hound completely misses you.
You hit the hound.
You kill the hound!
Lugonu accepts your kill.
The gnoll sergeant hits you from afar with a +0 trident.
Your Fighting skill increases to level 6!
You reach to attack!
You hit the gnoll sergeant but do no damage.
The gnoll sergeant hits you from afar with a +0 trident!
You reach to attack!
You closely miss the gnoll sergeant.
You reach to attack!
The gnoll sergeant blocks your attack.
The gnoll sergeant zaps a wand.
The bolt of acid hits you!! The acid corrodes you!
You are too injured to fight recklessly!
You are too injured to fight recklessly!
You are too injured to fight recklessly!
The gnoll sergeant zaps a wand.
The bolt of acid misses you.
The gnoll throws a boomerang.
You block the boomerang.
The gnoll sergeant zaps a wand.
The bolt of acid hits you!!
* * * LOW HITPOINT WARNING * * *
The acid corrodes you!
The gnoll sergeant zaps a wand.
The bolt of acid hits you!!
You die...

..######..#....###..# #
.....##...##..## #..# #
..........#...# #..# #
.............## ##.# ...' #
..##......<.##### #.#####...#####
.####.........#.###.##....h....##
##..##..#.##.....##.##...g.....##
##..##..#####.#..##.##.........##
.#''#....#######@#..## ........##
.........##.####.....####...####.
#.......##....#...#g.............
##......##.....gg.##....##....###
.'...............###.....##...###
.'...............#...#.#.......).
.'...)............g.####......###
##........................#...#
#...............##..#....##...#


You could see a gnoll sergeant, a gnoll shaman and a gnoll.

Vanquished Creatures
  Grum (D:5)
  A black bear (D:4)
  4 ogres
  A wolf (D:5)
  2 centaurs
  A phantom (D:5)
  3 gnoll sergeants (D:5)
  3 scorpions (D:5)
  A water moccasin zombie (D:5)
  9 hounds
  A bullfrog zombie (D:5)
  3 jellies (Sewer)
  4 iguanas
  10 gnolls (D:5)
  8 adders
  2 river rats (Sewer)
  A shadow imp (D:5)
  A white imp (D:5)
  3 worms
  A dart slug (D:1)
  3 orcs
  11 endoplasms
  7 giant cockroaches
  3 goblins
  6 hobgoblins
  9 jackals
  2 quokkas (D:1)
  10 ball pythons
  A bat (D:3)
  4 frilled lizards
  10 kobolds
  7 rats
133 creatures vanquished.

Notes
Turn   | Place    | Note
-------+----------+-------------------------------------------
     0 | D:1      | mcbry74 the Merfolk Gladiator began the quest for the Orb.
     0 | D:1      | Reached XP level 1. HP: 16/16 MP: 1/1
   201 | D:1      | Reached XP level 2. HP: 23/23 MP: 2/2
   355 | D:1      | Reached skill level 5 in Polearms
   852 | D:1      | Reached XP level 3. HP: 24/28 MP: 3/3
  1878 | D:2      | Reached XP level 4. HP: 33/34 MP: 4/4
  2327 | D:3      | Noticed an ogre
  2340 | D:3      | Killed an ogre
  2341 | D:3      | Reached skill level 6 in Polearms
  2341 | D:3      | Reached skill level 1 in Shields
  2341 | D:3      | Reached XP level 5. HP: 41/41 MP: 5/5
  2384 | D:3      | Noticed an ogre
  2402 | D:3      | Killed an ogre
  2403 | D:3      | Reached skill level 7 in Polearms
  2403 | D:3      | Reached XP level 6. HP: 47/47 MP: 6/6
  2553 | D:3      | Found a faded altar of an unknown god.
  2788 | D:3      | Prayed at the altar of an unknown god.
  2788 | D:3      | Became a worshipper of Lugonu the Unformed
  2788 | D:3      | Reached * piety under Lugonu
  2788 | D:3      | Reached ** piety under Lugonu
  3280 | D:4      | Found a glowing drain.
  3284 | Sewer    | Entered a sewer
  3615 | Sewer    | Found a viscous altar of Jiyva.
  3626 | Sewer    | Reached XP level 7. HP: 50/54 MP: 7/7
  3629 | Sewer    | Reached skill level 8 in Polearms
  4380 | D:5      | Entered Level 5 of the Dungeon
  4772 | D:5      | Reached skill level 9 in Polearms
  4983 | D:5      | Reached XP level 8. HP: 61/61 MP: 8/8
  5197 | D:5      | Reached *** piety under Lugonu
  5325 | D:5      | Reached skill level 5 in Dodging
  5532 | D:4      | Reached skill level 5 in Fighting
  5532 | D:4      | Reached skill level 10 in Polearms
  6228 | D:5      | Found a staircase to the Ecumenical Temple.
  6797 | D:5      | Reached skill level 11 in Polearms
  6797 | D:5      | Reached XP level 9. HP: 22/68 MP: 9/9
  7539 | D:5      | Noticed Grum
  8068 | D:5      | Killed Grum
  8292 | D:5      | HP: 3/69 [gnoll sergeant/bolt of acid (19)]
  8293 | D:5      | Killed from afar by a gnoll sergeant

Illustrated notes

Levels and vault maps discovered:
D:1:      scummos_arrival_star, layout_basic
D:2:      layout_loops_cross
D:3:      layout_basic, hellmonk_ecumenical_altar_slurped_away,
          minmay_misc_feat_doors
D:4:      layout_rooms, portal_sewer_entry_e, kennysheep_generic_room_5
D:5:      layout_cave_pools, minmay_temple_entry_ruins, serial_gnoll_camp,
          gnoll_camp_mini_house, grums_kennel, gnoll_camp_medium_02,
          gnoll_camp_mini_loothouse, gnoll_camp_mini_hut, gnoll_camp_mini_hut,
          minmay_statues_item

Skill      XL: |  1  2  3  4  5  6  7  8  9 |
---------------+----------------------------+-----
Polearms       | 5 6 7 9 11 | 11.6
Fighting       | 3 4 5 6 |  6.0
Throwing       | 3 4 |  4.6
Shields        | 1 2 3 4 |  4.8
Dodging        | 6 |  6.4

Action                   |  1- 3 |  4- 6 |  7- 9 || total
-------------------------+-------+-------+-------++-------
Melee: Trident           |   111 |   185 |   420 ||   716
       Tailslap          |       |     5 |     1 ||     6
Throw: Throwing net      |       |     2 |     2 ||     4
       Stone             |       |       |    22 ||    22
       Dart              |       |       |     4 ||     4
Invok: Bend Space        |       |       |     1 ||     1
Evoke: Wand              |       |       |     1 ||     1
 Stab: Sleeping          |     2 |     2 |     1 ||     5
       Distracted        |       |     1 |       ||     1
Armor: Leather armour    |    16 |    40 |    61 ||   117
Dodge: Dodged            |    39 |    77 |   127 ||   243
Block: Buckler           |     3 |    47 |    12 ||    62
       Kite shield       |       |       |   169 ||   169
